 Dungeon Crawl Stone Soup version 0.25.1-2-g60ff931df9 (webtiles) character file.

Game seed: 17213689010682180047

2141 Curus the Cruncher (level 9, -4/68 HPs)
             Began as a Minotaur Gladiator on Oct 24, 2020.
             Was a Believer of Makhleb.
             Slain by an orc warrior
             ... wielding a +0 war axe
              (15 damage)
             ... on level 7 of the Dungeon.
             The game lasted 00:33:09 (8425 turns).

Curus the Cruncher (Minotaur Gladiator)             Turns: 8425, Time: 00:33:10

Health: -4/68      AC:  6    Str: 25    XL:     9   Next: 9%
Magic:  8/8        EV: 13    Int:  7    God:    Makhleb [**....]
Gold:   222        SH:  0    Dex: 13    Spells: 8/8 levels left

rFire    . . .     SeeInvis .   a - +2 quarterstaff
rCold    . . .     Gourm    .   (shield currently unavailable)
rNeg     . . .     Faith    .   b - +0 leather armour
rPois    .         Spirit   .   c - +1 hat
rElec    .         Reflect  .   j - +1 cloak
rCorr    .         Harm     .   (no gloves)
MR       .....                  (no boots)
Stlth    ..........             u - amulet of magic regeneration
HPRegen  0.21/turn              w - ring of attention (curse)
MPRegen  0.36/turn              t - +6 ring of strength

@: no status effects
A: retaliatory headbutt, horns 2
a: Minor Destruction, Renounce Religion


You were on level 7 of the Dungeon.
You worshipped Makhleb.
Makhleb was pleased with you.
You were not hungry.

You visited 2 branches of the dungeon, and saw 8 of its levels.

You collected 409 gold pieces.
You spent 187 gold pieces at shops.

Inventory:

Hand Weapons
 a - a +2 quarterstaff (weapon)
Missiles
 d - 4 throwing nets (quivered)
Armour
 b - a +0 leather armour (worn)
 c - a +1 hat (worn)
 j - a +1 cloak (worn)
Jewellery
 e - an uncursed amulet of inaccuracy
 i - a +6 ring of intelligence
 t - a +6 ring of strength (right hand)
 u - an amulet of magic regeneration (around neck)
 w - a cursed ring of attention (left hand)
Wands
 g - a wand of random effects (11)
Scrolls
 h - 5 scrolls of identify
 l - 3 scrolls of remove curse
 m - 2 scrolls of teleportation
 v - a scroll of enchant armour
Potions
 n - a potion of resistance
 o - a potion of flight
 p - 2 potions of degeneration
 q - 2 potions of heal wounds
 r - 4 potions of curing
 s - a potion of haste
Comestibles
 f - 8 rations
 k - 4 chunks of flesh


   Skills:
 + Level 2.4 Fighting
 - Level 14.0 Staves
 - Level 2.0 Throwing
 + Level 3.3 Dodging


You had 8 spell levels left.
You didn't know any spells.
Your spell library contained the following spells:

 Spells                   Type           Power        Failure   Level  Hunger
 Animate Skeleton         Necr           N/A          47%         1    ##.....
 Foxfire                  Conj/Fire      #...         47%         1    ##.....
 Freeze                   Ice            #...         47%         1    ##.....
 Pain                     Necr           #...         47%         1    ##.....
 Conjure Flame            Conj/Fire      #.......     85%         3    ####...
 Frozen Ramparts          Ice            #.....       85%         3    ####...
 Inner Flame              Hex/Fire       #.......     85%         3    ####...
 Ozocubu's Armour         Chrm/Ice       #.......     85%         3    ####...
 Vampiric Draining        Necr           #.........   85%         3    ####...
 Animate Dead             Necr           N/A          99%         4    #####..
 Hailstorm                Conj/Ice       #.......     99%         4    #####..
 Sticky Flame             Conj/Fire      #.......     99%         4    #####..
 Summon Ice Beast         Ice/Summ       #.......     99%         4    #####..
 Agony                    Necr           #.......     100%        5    ######.
 Fireball                 Conj/Fire      #.........   100%        5    ######.


Dungeon Overview and Level Annotations

Branches:
Dungeon (7/15)             Temple (1/1) D:4

Altars:
Ashenzari
Cheibriados
Dithmenos
Elyvilon
Fedhas
Hepliaklqana
Kikubaaqudgha
Makhleb
Nemelex Xobeh
Qazlal
Sif Muna
Trog
Vehumet
Wu Jian
Xom
Yredelemnul
The Shining One

Shops:
D:4 !(

Annotations:
D:5 3 runed translucent doors, Cazemata's ghost, novice MiBe


Innate Abilities, Weirdness & Mutations

You reflexively headbutt those who attack you in melee.
You have a pair of horns on your head.


Message History

Makhleb accepts your kill.
You feel better.
You bludgeon the kobold!!
You kill the kobold!
Makhleb accepts your kill.
Evoke which item? (* to show all) (? for menu, Esc to quit)
Okay, then.
Unknown command.
Press: ? - help, Shift-Dir - straight line, f - orc warrior
Aim: an orc warrior, wielding a +0 war axe and wearing a +0 plate armour (lightly wounded)
The stone arrow hits the orc warrior but does no damage.
The orc warrior is lightly wounded.
The orc warrior hits you with a +0 war axe!!
* * * LOW HITPOINT WARNING * * *
You hit the orc warrior but do no damage.
The orc warrior is lightly wounded.
You thump the orc warrior! You headbutt the orc warrior!
The orc warrior is almost dead.
The orc warrior hits you with a +0 war axe!
You die...

#.# #.## .# #.# #..# #.# #.# #
##.###..#
#.#####.#####..###...##.o######.
#..................#....o.K./...
#######.######## #.....Koo......
#......###### ##K#.#.#####...
#.#####.....# #.#.#.# o. #.##
#.###.######.#.#.# #..####.#
#(..@ooo.#.#.#
#.#.....###.########.#.#
#..####.....# #.#.. #))# ###..##
#.### ###..# #..# .....# #..#
###.#######..# #......##..#
####.......#


You could see an orc warrior and 2 orcs.

Vanquished Creatures
  Prince Ribbit (D:5)
  Grinder (D:4)
  A sky beast (D:7)
  A phantom (D:4)
  2 centaurs
  An ogre (D:3)
  Blork the orc (D:4)
  A gnoll sergeant (D:6)
  3 scorpions
  3 wights (D:7)
  A howler monkey (D:5)
  2 crimson imps
  A hound (D:2)
  A centaur skeleton (D:3)
  3 orc priests
  A jelly (D:6)
  5 orc wizards
  Natasha (thrice) (D:4)
  Ijyb (D:3)
  3 worker ants
  A hound skeleton (D:4)
  A howler monkey zombie (D:7)
  11 gnolls
  3 adders
  2 shadow imps (D:5)
  A dart slug (D:2)
  2 worms
  10 leopard geckos
  30 orcs
  6 bats
  6 giant cockroaches
  7 goblins
  18 hobgoblins
  2 jackals (D:3)
  6 kobolds
  2 quokkas
  A frilled lizard (D:4)
  A leopard gecko zombie (D:3)
  A quokka skeleton (D:5)
  10 rats
157 creatures vanquished.

Notes
Turn   | Place    | Note
-------+----------+-------------------------------------------
     0 | D:1      | Curus the Minotaur Gladiator began the quest for the Orb.
     0 | D:1      | Reached XP level 1. HP: 18/18 MP: 0/0
     1 | D:1      | Noticed an electric eel
    18 | D:1      | Reached skill level 4 in Staves
   161 | D:1      | Reached XP level 2. HP: 25/25 MP: 1/1
   629 | D:1      | Reached skill level 5 in Staves
   812 | D:1      | Reached XP level 3. HP: 26/30 MP: 2/2
  1267 | D:2      | Found a blossoming altar of Fedhas.
  1268 | D:2      | Found an ancient bone altar of Kikubaaqudgha.
  1523 | D:2      | Reached skill level 6 in Staves
  1523 | D:2      | Reached XP level 4. HP: 32/37 MP: 3/3
  1641 | D:2      | Found a burning altar of Makhleb.
  1646 | D:2      | Became a worshipper of Makhleb the Destroyer
  2237 | D:3      | Reached skill level 7 in Staves
  2237 | D:3      | Reached XP level 5. HP: 34/42 MP: 4/4
  2423 | D:3      | Found a basalt altar of Yredelemnul.
  2517 | D:3      | Noticed an ogre
  2528 | D:3      | Killed an ogre
  2618 | D:3      | Reached skill level 8 in Staves
  2830 | D:3      | Reached XP level 6. HP: 37/50 MP: 5/5
  2835 | D:3      | Reached * piety under Makhleb
  3094 | D:3      | Noticed Ijyb
  3110 | D:3      | Killed Ijyb
  3528 | D:4      | Noticed Blork the orc
  3539 | D:4      | Killed Blork the orc
  3539 | D:4      | Reached skill level 9 in Staves
  3546 | D:4      | Found Doon's Distillery.
  3554 | D:4      | Noticed Natasha
  3554 | D:4      | Noticed Grinder
  3578 | D:4      | HP: 2/50 [Natasha (6)]
  3952 | D:4      | Found a staircase to the Ecumenical Temple.
  4007 | D:4      | Killed Grinder
  4007 | D:4      | Reached skill level 10 in Staves
  4007 | D:4      | Reached XP level 7. HP: 41/56 MP: 6/6
  4051 | Temple   | Entered the Ecumenical Temple
  4757 | D:4      | Found Fouqoor's Antique Weapon Boutique.
  4811 | D:4      | Bought a potion of degeneration for 11 gold pieces
  4811 | D:4      | Bought a potion of heal wounds for 55 gold pieces
  4811 | D:4      | Bought a potion of curing for 33 gold pieces
  4811 | D:4      | Bought a potion of heal wounds for 55 gold pieces
  4811 | D:4      | Bought a potion of curing for 33 gold pieces
  4839 | D:4      | Killed Natasha
  5058 | D:4      | Noticed Natasha
  5065 | D:4      | Killed Natasha
  5080 | D:4      | Noticed Natasha
  5088 | D:4      | Killed Natasha
  5100 | D:4      | Reached skill level 11 in Staves
  5185 | D:4      | Found a shadowy altar of Dithmenos.
  5301 | D:5      | Entered Level 5 of the Dungeon
  5462 | D:5      | Noticed Prince Ribbit
  5836 | D:5      | Found a runed translucent gate.
  5837 | D:5      | Found a runed translucent gate.
  5838 | D:5      | Found a runed translucent gate.
  6189 | D:5      | Killed Prince Ribbit
  6189 | D:5      | Reached XP level 8. HP: 44/62 MP: 7/7
  6421 | D:5      | Reached skill level 12 in Staves
  6423 | D:5      | Found a radiant altar of Vehumet.
  6909 | D:5      | Noticed Cazemata's ghost (novice MiBe)
  7263 | D:6      | Found a bloodstained altar of Trog.
  7367 | D:6      | Reached skill level 13 in Staves
  7372 | D:6      | Reached ** piety under Makhleb
  8103 | D:7      | Reached XP level 9. HP: 68/68 MP: 8/8
  8377 | D:7      | Found an ornate altar of the Wu Jian Council.
  8383 | D:7      | Reached skill level 14 in Staves
  8425 | D:7      | Slain by an orc warrior

Illustrated notes

Levels and vault maps discovered:
D:1:      arrival_aquarium_a, layout_basic
D:2:      layout_basic, grunt_temple_overflow_growth_and_decay,
          makhleb_heckhound_becter, first_ration
D:3:      layout_basic, lemuel_crystal_altar, uniq_ijyb
D:4:      layout_basic, minmay_temple_entry_slanted, serial_shops, shop,
          nicolae_shop_overgrown_old_shop, grunt_dithmenos_shadows,
          uniq_blork_the_orc, uniq_grinder, uniq_natasha
D:5:      layout_basic, overflow_temple_1_default, gammafunk_ghost_necromancy,
          uniq_prince_ribbit1
D:6:      layout_gridville, lemuel_round_altar, chequers_jeans
D:7:      layout_loops_ring, lemuel_round_altar, grunt_temple_overflow_open,
          uniq_harold
Temple:   compressed_dpeg_triangle_lava_temple

Skill      XL: |  1  2  3  4  5  6  7  8  9 |
---------------+----------------------------+-----
Staves         | 4 5 6 7 8 10 11 13 14 | 14.0
Fighting       | |  2.4
Throwing       | |  2.0
Dodging        | |  3.3

Action                   |  1- 3 |  4- 6 |  7- 9 || total
-------------------------+-------+-------+-------++-------
Melee: Quarterstaff      |    77 |   133 |   252 ||   462
       Headbutt          |     7 |    25 |    33 ||    65
Invok: Minor Destruction |       |       |     1 ||     1
  Use: Scroll            |     4 |     1 |     8 ||    13
       Potion            |     1 |     2 |     3 ||     6
  Eat: Chunk             |     2 |     7 |    11 ||    20
       Ration            |       |       |     1 ||     1
Armor: Leather armour    |    14 |    29 |    29 ||    72
Dodge: Dodged            |    36 |    66 |   105 ||   207
